[ AOE2 MATCH · #474320481 ]
UnrankedVietnamese vs Khmer
[ REPLAY ANALYSIS · EXTRACTED FROM THE RECORDED GAME ]
Feudal
6:49
Castle
11:37
Imperial
28:30
| APM avg | 42.9 |
| APM peak | 130 |
| eAPM avg | 31.2 |
| Villagers / military | 130 / 742 |
Focus
⚔️ 40.5% · 🌾 59.5%
Battle Elephant ×544 · Rattan Archer ×85 · Bombard Cannon ×60 · Trade Cart ×53 · Skirmisher ×35 · Scout Cavalry ×8
Feudal
10:38
Castle
20:49
Imperial
28:42
| APM avg | 24.3 |
| APM peak | 118 |
| eAPM avg | 19.9 |
| Villagers / military | 208 / 1092 |
Focus
⚔️ 32.0% · 🌾 68.0%
Scout Cavalry ×363 · Konnik ×335 · Spearman ×270 · Mangonel ×82 · Trade Cart ×74 · Skirmisher ×20
Feudal
—
Castle
—
Imperial
—
| APM avg | 0.7 |
| APM peak | 11 |
| eAPM avg | 0.6 |
| Villagers / military | 0 / 11 |
Focus
⚔️ 59.2% · 🌾 40.8%
Militia ×11
Feudal
6:03
Castle
14:03
Imperial
35:38
| APM avg | 10.8 |
| APM peak | 67 |
| eAPM avg | 9.2 |
| Villagers / military | 135 / 50 |
Focus
⚔️ 12.2% · 🌾 87.8%
Mangonel ×22 · Scout Cavalry ×14 · Camel Scout ×13 · Trade Cart ×11 · Spearman ×1
Feudal
10:11
Castle
23:21
Imperial
34:56
| APM avg | 29.7 |
| APM peak | 109 |
| eAPM avg | 27.3 |
| Villagers / military | 218 / 986 |
Focus
⚔️ 42.7% · 🌾 57.3%
Boyar ×234 · Mangonel ×198 · Archer ×153 · Militia ×142 · Knight ×97 · Trade Cart ×64
Feudal
5:45
Castle
22:42
Imperial
32:43
| APM avg | 13.1 |
| APM peak | 39 |
| eAPM avg | 10.0 |
| Villagers / military | 88 / 1024 |
Focus
⚔️ 57.3% · 🌾 42.7%
Magyar Huszar ×741 · Cavalry Archer ×138 · Spearman ×118 · Skirmisher ×24 · Trade Cart ×9 · Mangonel ×3
Feudal
8:39
Castle
21:19
Imperial
38:28
| APM avg | 16.6 |
| APM peak | 84 |
| eAPM avg | 12.5 |
| Villagers / military | 236 / 696 |
Focus
⚔️ 27.0% · 🌾 73.0%
Scout Cavalry ×161 · Archer ×127 · Teutonic Knight ×113 · Knight ×107 · Militia ×96 · Skirmisher ×74
Feudal
8:08
Castle
15:02
Imperial
—
| APM avg | 2.2 |
| APM peak | 30 |
| eAPM avg | 1.3 |
| Villagers / military | 44 / 0 |
Focus
⚔️ 12.5% · 🌾 87.5%
Match map
Initial resources + every placement click. Lines = walls · curves = elevation contours. ◆ gold · ⬟ stone · ● berries · ✦ relic · ◌ wall gap
Your base· ✓ Closed at 11:37 · 0t walls · no gate
JS661796's base· ✓ Closed at 20:49 · 73t walls · 4 gate(s)
Lund xbox's base· ✓ Closed at 12:00 · 90t walls · 1 gate(s)
Uygar2's base· ✓ Closed at 14:03 · 0t walls · no gate
Quetalmae's base· ✓ Closed at 23:21 · 62t walls · 4 gate(s)
WilperLP's base· ✓ Closed at 22:42 · 14t walls · 1 gate(s)
pinti91's base· ✓ Closed at 21:19 · 35t walls · 1 gate(s)
ageofkiev's base· ✓ Closed at 15:02 · 42t walls · 2 gate(s)
Smoothed initial terrain · ◌ = detected wall gap · hover for details
Inputs per minute
— idle_villager - - JS661796
Build order — idle_villager
First 150 of 1263 actions detected
| 0:04 | Create | Villager (Male) |
| 0:04 | Create | Villager (Male) |
| 0:07 | Build | Lumber Camp |
| 0:14 | Create | Villager (Male) |
| 0:15 | Create | Villager (Male) |
| 0:15 | Create | Villager (Male) |
| 0:58 | Create | Villager (Male) |
| 1:47 | Build | Mill |
| 2:00 | Create | Villager (Male) |
| 2:00 | Create | Villager (Male) |
| 2:31 | Create | Villager (Male) |
| 2:32 | Create | Villager (Male) |
| 3:22 | Create | Villager (Male) |
| 3:55 | Build | Mining Camp |
| 4:21 | Research | Feudal Age |
| 4:58 | Build | House |
| 4:59 | Build | House |
| 6:21 | Create | Villager (Male) |
| 6:21 | Create | Villager (Male) |
| 6:49 | Age | Feudal Age |
| 7:10 | Create | Villager (Male) |
| 7:14 | Build | Market |
| 7:21 | Build | Blacksmith |
| 7:27 | Research | Double-Bit Axe |
| 7:41 | Create | Villager (Male) |
| 8:32 | Research | Loom |
| 8:42 | Research | Castle Age |
| 9:01 | Research | Horse Collar |
| 9:36 | Research | Gold Mining |
| 9:46 | Research | Stone Mining |
| 10:13 | Create | Trade Cart |
| 10:14 | Create | Trade Cart |
| 10:38 | Build | Farm |
| 10:42 | Build | Farm |
| 10:43 | Build | Farm |
| 10:44 | Build | Farm |
| 10:46 | Build | Farm |
| 10:48 | Build | Farm |
| 10:53 | Build | Farm |
| 11:35 | Create | Villager (Male) |
| 11:35 | Create | Villager (Male) |
| 11:35 | Create | Villager (Male) |
| 11:37 | Age | Castle Age |
| 11:41 | Build | Town Center |
| 11:58 | Build | Town Center |
| 12:03 | Create | Villager (Male) |
| 12:03 | Create | Villager (Male) |
| 12:10 | Create | Trade Cart |
| 12:18 | Create | Villager (Male) |
| 12:52 | Create | Villager (Male) |
| 12:52 | Create | Villager (Male) |
| 12:52 | Create | Villager (Male) |
| 13:04 | Create | Trade Cart |
| 13:18 | Build | Farm |
| 13:20 | Build | Farm |
| 13:27 | Create | Villager (Male) |
| 13:35 | Create | Villager (Male) |
| 13:42 | Build | Farm |
| 14:01 | Create | Villager (Male) |
| 14:05 | Create | Villager (Male) |
| 14:06 | Create | Villager (Male) |
| 14:13 | Build | Farm |
| 14:21 | Build | Farm |
| 14:26 | Build | Farm |
| 14:48 | Build | House |
| 14:51 | Build | House |
| 14:53 | Build | House |
| 14:54 | Build | House |
| 14:59 | Build | Lumber Camp |
| 15:00 | Create | Villager (Male) |
| 15:00 | Create | Villager (Male) |
| 15:02 | Create | Villager (Male) |
| 15:02 | Create | Villager (Male) |
| 15:21 | Create | Villager (Male) |
| 15:21 | Create | Villager (Male) |
| 15:21 | Create | Villager (Male) |
| 15:49 | Build | Town Center |
| 15:51 | Create | Villager (Male) |
| 15:51 | Create | Villager (Male) |
| 15:52 | Create | Villager (Male) |
| 15:56 | Build | House |
| 16:06 | Build | Farm |
| 16:11 | Create | Villager (Male) |
| 16:15 | Build | Farm |
| 16:18 | Build | Farm |
| 16:22 | Build | Farm |
| 16:23 | Create | Villager (Male) |
| 16:24 | Create | Villager (Male) |
| 16:29 | Build | Farm |
| 16:36 | Build | Farm |
| 16:44 | Create | Villager (Male) |
| 16:47 | Create | Villager (Male) |
| 16:54 | Build | Farm |
| 17:04 | Build | Farm |
| 17:05 | Create | Villager (Male) |
| 17:05 | Create | Villager (Male) |
| 17:09 | Create | Villager (Male) |
| 17:18 | Build | House |
| 17:19 | Build | House |
| 17:21 | Build | House |
| 17:22 | Create | Villager (Male) |
| 17:23 | Create | Villager (Male) |
| 17:23 | Create | Villager (Male) |
| 17:29 | Build | Farm |
| 17:35 | Create | Villager (Male) |
| 17:43 | Build | Farm |
| 17:48 | Build | Farm |
| 17:50 | Create | Villager (Male) |
| 17:51 | Create | Villager (Male) |
| 18:12 | Build | Farm |
| 18:17 | Build | Market |
| 18:18 | Create | Villager (Male) |
| 18:19 | Create | Villager (Male) |
| 18:19 | Create | Villager (Male) |
| 18:22 | Create | Villager (Male) |
| 18:25 | Create | Villager (Male) |
| 18:37 | Create | Villager (Male) |
| 18:37 | Create | Villager (Male) |
| 18:44 | Build | Farm |
| 18:50 | Create | Villager (Male) |
| 18:53 | Build | Farm |
| 18:56 | Build | Farm |
| 18:58 | Build | House |
| 18:59 | Build | House |
| 19:00 | Build | House |
| 19:02 | Create | Villager (Male) |
| 19:03 | Create | Villager (Male) |
| 19:03 | Create | Villager (Male) |
| 19:06 | Create | Villager (Male) |
| 19:14 | Create | Villager (Male) |
| 19:16 | Build | Farm |
| 19:19 | Build | Farm |
| 19:25 | Create | Trade Cart |
| 19:25 | Create | Trade Cart |
| 19:26 | Create | Villager (Male) |
| 19:26 | Create | Villager (Male) |
| 19:30 | Build | Farm |
| 19:38 | Build | Farm |
| 19:42 | Create | Villager (Male) |
| 19:42 | Create | Villager (Male) |
| 19:43 | Create | Villager (Male) |
| 19:43 | Create | Villager (Male) |
| 19:45 | Build | Farm |
| 19:56 | Build | Farm |
| 19:59 | Research | Heavy Plow |
| 20:05 | Create | Villager (Male) |
| 20:06 | Create | Villager (Male) |
| 20:15 | Build | House |
| 20:16 | Build | House |
| 20:17 | Build | House |
Build order — JS661796
First 150 of 638 actions detected
| 0:08 | Create | Villager (Male) ×5 |
| 0:08 | Create | Villager (Male) ×5 |
| 0:15 | Build | Lumber Camp |
| 1:36 | Create | Villager (Male) |
| 1:51 | Create | Villager (Male) |
| 1:51 | Create | Villager (Male) |
| 2:05 | Build | House |
| 2:06 | Build | House |
| 2:07 | Build | House |
| 2:51 | Create | Villager (Male) ×2 |
| 2:52 | Create | Villager (Male) ×2 |
| 2:58 | Build | Mill |
| 3:30 | Build | House |
| 3:30 | Build | House |
| 3:31 | Build | House |
| 3:44 | Create | Villager (Male) ×2 |
| 3:59 | Build | Palisade Wall |
| 4:03 | Build | Palisade Gate |
| 4:07 | Build | Palisade Gate |
| 4:18 | Build | Mining Camp |
| 4:21 | Create | Villager (Male) |
| 4:56 | Create | Villager (Male) |
| 5:11 | Create | Villager (Male) |
| 6:00 | Build | Mining Camp |
| 7:02 | Research | Feudal Age |
| 7:50 | Build | Lumber Camp |
| 8:33 | Build | Lumber Camp |
| 9:04 | Build | Barracks |
| 10:38 | Age | Feudal Age |
| 10:39 | Research | Wheelbarrow |
| 10:40 | Research | Loom |
| 10:41 | Create | Villager (Male) ×5 |
| 10:41 | Create | Villager (Male) ×5 |
| 10:41 | Create | Villager (Male) ×5 |
| 10:54 | Build | Market |
| 11:06 | Build | Blacksmith |
| 11:20 | Research | Double-Bit Axe |
| 11:41 | Build | Stone Wall |
| 11:44 | Build | Stone Wall |
| 11:48 | Build | Stone Wall |
| 11:52 | Build | Gate |
| 12:11 | Research | Horse Collar |
| 12:17 | Research | Gold Mining |
| 12:51 | Build | Farm |
| 13:14 | Build | Farm |
| 13:31 | Build | House |
| 13:32 | Build | House |
| 13:35 | Build | House |
| 13:49 | Build | Farm |
| 14:32 | Build | Farm |
| 14:56 | Build | Farm |
| 15:13 | Create | Villager (Male) ×5 |
| 15:22 | Build | Farm |
| 15:40 | Build | Farm |
| 15:42 | Build | Farm |
| 15:44 | Build | Farm |
| 15:46 | Build | Farm |
| 15:48 | Build | Farm |
| 15:53 | Build | Farm |
| 15:55 | Build | Farm |
| 15:58 | Build | Farm |
| 16:16 | Build | Mill |
| 16:20 | Build | Farm |
| 16:41 | Build | Farm |
| 16:58 | Build | Farm |
| 17:00 | Build | Farm |
| 17:12 | Build | Mill |
| 17:15 | Build | Farm |
| 17:49 | Research | Castle Age |
| 18:05 | Build | House |
| 18:05 | Build | House |
| 18:08 | Build | House |
| 18:10 | Build | House |
| 18:12 | Build | House |
| 18:15 | Build | House |
| 18:16 | Build | House |
| 18:17 | Build | House |
| 18:18 | Build | House |
| 18:23 | Build | House |
| 18:32 | Build | Stone Wall |
| 18:35 | Build | Stone Wall |
| 18:36 | Build | Stone Wall |
| 18:40 | Build | Gate |
| 18:48 | Build | Stone Wall |
| 19:16 | Build | Mining Camp |
| 19:28 | Create | Trade Cart |
| 19:28 | Create | Trade Cart |
| 19:28 | Create | Trade Cart |
| 20:12 | Research | Stone Mining |
| 20:49 | Age | Castle Age |
| 20:50 | Research | Hand Cart |
| 20:51 | Create | Villager (Male) ×5 |
| 20:52 | Create | Villager (Male) ×5 |
| 20:52 | Create | Villager (Male) ×5 |
| 20:52 | Create | Villager (Male) ×4 |
| 21:01 | Build | Town Center |
| 21:10 | Build | Town Center |
| 21:25 | Build | Monastery |
| 21:29 | Build | University |
| 21:47 | Research | Caravan |
| 21:51 | Research | Heavy Plow |
| 21:56 | Research | Bow Saw |
| 22:17 | Create | Monk |
| 22:17 | Create | Monk |
| 22:40 | Create | Villager (Male) ×5 |
| 22:40 | Create | Villager (Male) ×4 |
| 22:47 | Create | Villager (Male) |
| 22:52 | Create | Villager (Male) |
| 23:02 | Create | Villager (Male) ×5 |
| 23:04 | Create | Villager (Male) ×2 |
| 23:34 | Create | Villager (Male) |
| 23:34 | Create | Villager (Male) |
| 23:35 | Create | Villager (Male) |
| 23:50 | Build | Lumber Camp |
| 24:16 | Create | Villager (Male) |
| 24:16 | Create | Villager (Male) |
| 24:26 | Build | Mining Camp |
| 24:43 | Build | Farm |
| 24:44 | Build | Farm |
| 24:46 | Build | Farm |
| 24:55 | Create | Villager (Male) |
| 24:56 | Create | Villager (Male) |
| 25:01 | Create | Villager (Male) ×5 |
| 25:13 | Create | Villager (Male) ×5 |
| 25:32 | Research | Imperial Age |
| 25:35 | Research | Town Watch |
| 25:41 | Create | Villager (Male) |
| 25:44 | Create | Villager (Male) |
| 25:50 | Build | Farm |
| 25:58 | Build | Farm |
| 26:01 | Build | Farm |
| 26:02 | Build | Farm |
| 26:12 | Create | Villager (Male) ×3 |
| 26:28 | Build | Siege Workshop |
| 26:52 | Build | Mining Camp |
| 27:01 | Create | Villager (Male) |
| 27:01 | Create | Villager (Male) |
| 27:01 | Create | Villager (Male) |
| 27:01 | Create | Villager (Male) |
| 27:09 | Create | Villager (Male) ×5 |
| 27:09 | Create | Villager (Male) |
| 27:09 | Create | Villager (Male) |
| 27:25 | Build | Lumber Camp |
| 27:59 | Create | Villager (Male) |
| 28:02 | Create | Villager (Male) ×5 |
| 28:06 | Create | Villager (Male) ×5 |
| 28:06 | Create | Villager (Male) ×2 |
| 28:42 | Age | Imperial Age |
| 28:44 | Research | Conscription |
| 28:47 | Create | Villager (Male) ×2 |
Build order — Lund xbox
31 actions detected in the replay
| 2:58 | Build | Palisade Wall |
| 3:14 | Build | Palisade Wall |
| 5:11 | Build | Palisade Wall |
| 6:23 | Research | Feudal Age |
| 7:31 | Build | Palisade Wall |
| 8:14 | Build | Mill |
| 10:01 | Build | Palisade Gate |
| 10:56 | Build | Palisade Wall |
| 12:46 | Build | Barracks |
| 14:35 | Build | Palisade Wall |
| 14:59 | Build | Palisade Gate |
| 15:25 | Research | Man-at-Arms (upgrade) |
| 15:59 | Build | Archery Range |
| 16:12 | Create | Militia |
| 16:12 | Create | Militia |
| 16:13 | Create | Militia |
| 16:13 | Create | Militia |
| 16:14 | Create | Militia |
| 16:14 | Create | Militia |
| 16:14 | Create | Militia |
| 16:15 | Create | Militia |
| 16:15 | Create | Militia |
| 16:15 | Create | Militia |
| 18:34 | Build | Mining Camp |
| 19:02 | Build | Mining Camp |
| 19:34 | Create | Militia |
| 24:03 | Build | Stone Wall |
| 24:48 | Build | Gate |
| 27:48 | Build | Stone Wall |
| 29:41 | Build | Watch Tower |
| 30:06 | Build | Watch Tower |
Build order — Uygar2
First 150 of 326 actions detected
| 0:16 | Build | Mill |
| 0:46 | Build | Lumber Camp |
| 1:47 | Create | Villager (Male) |
| 1:48 | Create | Villager (Male) |
| 1:48 | Create | Villager (Male) |
| 1:49 | Create | Villager (Male) |
| 2:40 | Create | Villager (Male) |
| 2:40 | Create | Villager (Male) |
| 2:40 | Create | Villager (Male) |
| 2:41 | Create | Villager (Male) |
| 2:41 | Create | Villager (Male) |
| 3:48 | Research | Feudal Age |
| 3:54 | Create | Villager (Male) |
| 3:55 | Create | Villager (Male) |
| 4:12 | Create | Villager (Male) |
| 5:04 | Create | Villager (Male) |
| 5:05 | Create | Villager (Male) |
| 6:03 | Age | Feudal Age |
| 6:45 | Create | Villager (Male) |
| 6:45 | Create | Villager (Male) |
| 6:55 | Create | Villager (Male) |
| 6:55 | Create | Villager (Male) |
| 7:23 | Create | Villager (Male) |
| 7:24 | Create | Villager (Male) |
| 7:30 | Build | Market |
| 7:49 | Create | Villager (Male) |
| 7:49 | Create | Villager (Male) |
| 7:50 | Create | Villager (Male) |
| 8:13 | Build | Mining Camp |
| 8:43 | Build | Mining Camp |
| 9:25 | Create | Villager (Male) |
| 9:26 | Create | Villager (Male) |
| 9:26 | Create | Villager (Male) |
| 9:26 | Create | Villager (Male) |
| 9:27 | Create | Villager (Male) |
| 9:48 | Build | Blacksmith |
| 10:14 | Build | House |
| 10:15 | Build | House |
| 10:15 | Build | House |
| 11:17 | Research | Double-Bit Axe |
| 11:23 | Research | Castle Age |
| 12:43 | Create | Villager (Male) |
| 13:05 | Build | House |
| 13:06 | Build | House |
| 14:03 | Age | Castle Age |
| 14:58 | Build | Town Center |
| 15:23 | Build | Town Center |
| 15:28 | Create | Villager (Male) |
| 15:28 | Create | Villager (Male) |
| 15:32 | Research | Bow Saw |
| 15:36 | Research | Gold Mining |
| 15:41 | Research | Stone Mining |
| 16:39 | Build | Stone Wall |
| 16:58 | Build | Lumber Camp |
| 17:09 | Create | Villager (Male) |
| 17:10 | Create | Villager (Male) |
| 17:27 | Create | Villager (Male) |
| 17:33 | Research | Loom |
| 18:18 | Create | Villager (Male) |
| 18:19 | Create | Villager (Male) |
| 18:37 | Build | House |
| 18:38 | Build | House |
| 19:04 | Build | Gate |
| 19:40 | Build | Farm |
| 19:41 | Build | Farm |
| 19:42 | Build | Farm |
| 19:42 | Build | Farm |
| 19:44 | Build | Farm |
| 19:44 | Build | Farm |
| 19:45 | Build | Farm |
| 19:45 | Build | Farm |
| 19:46 | Build | Farm |
| 19:46 | Build | Farm |
| 19:46 | Build | Farm |
| 19:47 | Build | Farm |
| 19:47 | Build | Farm |
| 19:48 | Build | Farm |
| 19:49 | Build | Farm |
| 19:50 | Build | Farm |
| 19:50 | Build | Farm |
| 20:00 | Build | Mill |
| 20:07 | Create | Villager (Male) |
| 20:07 | Create | Villager (Male) |
| 20:30 | Build | Farm |
| 20:31 | Build | Farm |
| 20:32 | Build | Farm |
| 20:32 | Build | Farm |
| 20:33 | Build | Farm |
| 20:57 | Create | Villager (Male) |
| 20:58 | Create | Villager (Male) |
| 21:16 | Create | Villager (Male) |
| 21:37 | Build | Mining Camp |
| 22:14 | Create | Villager (Male) |
| 22:15 | Create | Villager (Male) |
| 22:15 | Create | Villager (Male) |
| 22:16 | Create | Villager (Male) |
| 22:22 | Create | Villager (Male) |
| 22:22 | Create | Villager (Male) |
| 22:44 | Research | Horse Collar |
| 22:45 | Research | Horse Collar |
| 22:53 | Create | Villager (Male) |
| 23:32 | Build | Lumber Camp |
| 24:04 | Create | Villager (Male) ×5 |
| 24:18 | Build | Farm |
| 24:28 | Build | Lumber Camp |
| 24:47 | Research | Gold Shaft Mining |
| 25:10 | Create | Villager (Male) ×2 |
| 25:11 | Create | Villager (Male) ×2 |
| 25:25 | Build | Lumber Camp |
| 25:40 | Research | Heavy Plow |
| 25:40 | Research | Heavy Plow |
| 25:49 | Create | Villager (Male) |
| 26:25 | Build | Town Center |
| 26:37 | Build | Farm |
| 26:38 | Build | Farm |
| 26:40 | Build | Farm |
| 26:40 | Build | Farm |
| 26:41 | Build | Farm |
| 26:42 | Build | Farm |
| 26:42 | Build | Farm |
| 26:43 | Build | Farm |
| 26:44 | Build | Farm |
| 26:45 | Build | Farm |
| 26:46 | Build | Farm |
| 26:47 | Build | Farm |
| 26:47 | Build | Farm |
| 26:47 | Build | Farm |
| 26:48 | Build | Farm |
| 26:48 | Build | Farm |
| 26:58 | Create | Villager (Male) ×5 |
| 26:59 | Create | Villager (Male) ×5 |
| 27:09 | Create | Villager (Male) |
| 27:10 | Create | Villager (Male) ×4 |
| 27:10 | Create | Villager (Male) ×3 |
| 27:29 | Build | Siege Workshop |
| 27:41 | Build | Siege Workshop |
| 27:54 | Create | Villager (Male) |
| 27:54 | Create | Villager (Male) |
| 27:54 | Create | Villager (Male) |
| 28:01 | Create | Trade Cart |
| 28:27 | Create | Villager (Male) |
| 28:27 | Create | Villager (Male) |
| 28:28 | Create | Villager (Male) |
| 28:36 | Research | Wheelbarrow |
| 28:36 | Research | Wheelbarrow |
| 29:13 | Build | Farm |
| 29:13 | Build | Farm |
| 29:14 | Build | Farm |
| 29:14 | Build | Farm |
| 29:14 | Build | Farm |
Build order — Quetalmae
First 150 of 1607 actions detected
| 0:04 | Create | Villager (Male) |
| 0:04 | Create | Villager (Male) |
| 0:04 | Create | Villager (Male) |
| 0:04 | Create | Villager (Male) |
| 0:05 | Create | Villager (Male) |
| 1:24 | Build | House |
| 1:26 | Build | House |
| 1:31 | Build | House |
| 1:32 | Build | House |
| 1:49 | Create | Villager (Male) |
| 1:49 | Create | Villager (Male) |
| 2:04 | Build | Mining Camp |
| 2:37 | Create | Villager (Male) |
| 3:18 | Build | Mill |
| 3:22 | Create | Villager (Male) |
| 3:22 | Create | Villager (Male) |
| 3:22 | Create | Villager (Male) |
| 3:54 | Create | Villager (Male) |
| 4:51 | Build | House |
| 4:52 | Build | House |
| 4:58 | Build | House |
| 4:59 | Build | House |
| 5:17 | Create | Villager (Male) |
| 6:25 | Create | Villager (Male) |
| 6:35 | Create | Villager (Male) |
| 6:59 | Build | Lumber Camp |
| 7:26 | Build | House |
| 7:27 | Build | House |
| 7:30 | Create | Villager (Male) |
| 7:56 | Build | Mining Camp |
| 8:01 | Research | Feudal Age |
| 9:14 | Build | House |
| 9:15 | Build | House |
| 9:19 | Create | Villager (Male) |
| 9:19 | Create | Villager (Male) |
| 10:11 | Age | Feudal Age |
| 10:16 | Research | Double-Bit Axe |
| 10:25 | Build | Market |
| 10:27 | Build | Market |
| 10:49 | Create | Villager (Male) |
| 10:59 | Research | Stone Mining |
| 11:01 | Research | Gold Mining |
| 11:06 | Research | Horse Collar |
| 11:22 | Research | Loom |
| 11:23 | Research | Wheelbarrow |
| 11:24 | Create | Villager (Male) |
| 11:25 | Create | Villager (Male) |
| 11:57 | Build | Stone Wall |
| 12:16 | Build | Stone Wall |
| 12:32 | Create | Villager (Male) |
| 12:32 | Create | Villager (Male) |
| 13:23 | Build | Farm |
| 13:31 | Build | Farm |
| 13:31 | Build | Farm |
| 13:33 | Build | Farm |
| 13:34 | Build | Farm |
| 13:36 | Build | Farm |
| 13:37 | Build | Farm |
| 14:10 | Build | Farm |
| 14:20 | Create | Villager (Male) |
| 14:20 | Create | Villager (Male) |
| 14:31 | Build | Farm |
| 14:52 | Build | Gate |
| 15:32 | Build | Gate |
| 16:09 | Build | Gate |
| 16:16 | Create | Villager (Male) |
| 16:16 | Create | Villager (Male) |
| 16:16 | Create | Villager (Male) |
| 16:21 | Create | Trade Cart |
| 16:21 | Create | Trade Cart |
| 17:02 | Build | Farm |
| 17:05 | Create | Villager (Male) |
| 17:05 | Create | Villager (Male) |
| 17:10 | Build | Farm |
| 17:38 | Build | Farm |
| 17:57 | Build | Barracks |
| 18:12 | Build | Farm |
| 18:14 | Create | Villager (Male) |
| 18:15 | Create | Villager (Male) |
| 19:00 | Build | Archery Range |
| 19:14 | Build | Stable |
| 19:21 | Build | Farm |
| 19:22 | Build | Farm |
| 19:26 | Create | Villager (Male) |
| 19:26 | Create | Villager (Male) |
| 19:31 | Create | Villager (Male) |
| 20:04 | Research | Castle Age |
| 20:11 | Research | Bloodlines |
| 20:13 | Research | Man-at-Arms (upgrade) |
| 20:42 | Build | Blacksmith |
| 21:05 | Create | Trade Cart |
| 21:06 | Create | Trade Cart |
| 21:06 | Create | Trade Cart |
| 21:10 | Create | Trade Cart |
| 22:16 | Create | Villager (Male) |
| 22:16 | Create | Villager (Male) |
| 22:16 | Create | Villager (Male) |
| 22:29 | Build | Stone Wall |
| 22:37 | Build | Stone Wall |
| 22:43 | Build | Gate |
| 23:06 | Research | Scale Barding Armor |
| 23:06 | Research | Padded Archer Armor |
| 23:06 | Research | Scale Mail Armor |
| 23:07 | Research | Forging |
| 23:07 | Research | Fletching |
| 23:15 | Create | Trade Cart |
| 23:17 | Create | Trade Cart |
| 23:18 | Create | Trade Cart |
| 23:21 | Age | Castle Age |
| 23:48 | Build | Monastery |
| 24:07 | Build | Town Center |
| 24:14 | Create | Villager (Male) |
| 24:14 | Create | Villager (Male) |
| 24:14 | Create | Villager (Male) |
| 24:15 | Create | Villager (Male) |
| 24:15 | Create | Villager (Male) |
| 24:15 | Create | Villager (Male) |
| 24:15 | Create | Villager (Male) |
| 24:16 | Create | Villager (Male) |
| 24:16 | Create | Villager (Male) |
| 24:22 | Research | Gold Shaft Mining |
| 24:39 | Create | Monk |
| 24:39 | Create | Monk |
| 24:40 | Create | Monk |
| 25:00 | Build | Farm |
| 25:02 | Build | Farm |
| 25:09 | Build | Farm |
| 25:28 | Build | Farm |
| 25:41 | Create | Villager (Male) |
| 25:41 | Create | Villager (Male) |
| 25:41 | Create | Villager (Male) |
| 25:42 | Create | Villager (Male) |
| 25:42 | Create | Villager (Male) |
| 25:42 | Create | Villager (Male) |
| 26:08 | Build | Mining Camp |
| 27:06 | Research | Hand Cart |
| 27:07 | Research | Imperial Age |
| 27:20 | Build | Mining Camp |
| 27:40 | Build | Monastery |
| 27:55 | Research | Coinage |
| 28:15 | Build | University |
| 28:20 | Create | Villager (Male) |
| 28:42 | Build | Farm |
| 29:29 | Build | Town Center |
| 29:47 | Research | Bow Saw |
| 29:54 | Research | Fortified Wall (upgrade) |
| 29:55 | Research | Murder Holes |
| 30:14 | Create | Villager (Male) |
| 30:15 | Create | Villager (Male) |
| 30:15 | Create | Villager (Male) |
Build order — WilperLP
First 150 of 724 actions detected
| 0:18 | Build | Mill |
| 0:31 | Build | Lumber Camp |
| 0:58 | Build | Barracks |
| 1:05 | Create | Villager (Male) |
| 1:05 | Create | Villager (Male) |
| 1:06 | Create | Villager (Male) |
| 1:06 | Create | Villager (Male) |
| 1:06 | Create | Villager (Male) |
| 1:06 | Create | Villager (Male) |
| 1:07 | Create | Villager (Male) |
| 1:07 | Create | Villager (Male) |
| 1:07 | Create | Villager (Male) |
| 1:07 | Create | Villager (Male) |
| 1:08 | Create | Villager (Male) |
| 3:14 | Build | Mining Camp |
| 3:25 | Research | Feudal Age |
| 3:54 | Build | Outpost |
| 5:31 | Create | Villager (Male) |
| 5:31 | Create | Villager (Male) |
| 5:31 | Create | Villager (Male) |
| 5:32 | Create | Villager (Male) |
| 5:32 | Create | Villager (Male) |
| 5:45 | Age | Feudal Age |
| 6:19 | Build | Palisade Wall |
| 6:36 | Create | Villager (Male) |
| 6:36 | Create | Villager (Male) |
| 6:48 | Build | Market |
| 7:06 | Build | Archery Range |
| 7:26 | Create | Villager (Male) |
| 7:26 | Create | Villager (Male) |
| 7:27 | Create | Villager (Male) |
| 7:27 | Create | Villager (Male) |
| 7:41 | Build | House |
| 8:25 | Build | Palisade Gate |
| 8:43 | Build | Mining Camp |
| 9:05 | Build | Lumber Camp |
| 9:34 | Build | House |
| 9:47 | Build | Farm |
| 9:57 | Create | Villager (Male) |
| 9:57 | Create | Villager (Male) |
| 9:57 | Create | Villager (Male) |
| 9:57 | Create | Villager (Male) |
| 10:16 | Build | Farm |
| 10:29 | Build | Farm |
| 10:42 | Research | Double-Bit Axe |
| 11:49 | Build | Farm |
| 11:58 | Build | House |
| 12:04 | Build | House |
| 12:51 | Research | Wheelbarrow |
| 13:03 | Build | House |
| 13:07 | Build | House |
| 13:24 | Research | Gold Mining |
| 13:26 | Research | Stone Mining |
| 14:13 | Build | House |
| 14:16 | Build | House |
| 14:21 | Build | House |
| 14:38 | Build | Mining Camp |
| 14:55 | Build | Farm |
| 15:00 | Build | Farm |
| 15:05 | Build | Farm |
| 15:10 | Research | Horse Collar |
| 15:49 | Build | Mining Camp |
| 15:52 | Create | Villager (Male) |
| 15:52 | Create | Villager (Male) |
| 15:53 | Create | Villager (Male) |
| 15:53 | Create | Villager (Male) |
| 15:53 | Create | Villager (Male) |
| 15:53 | Create | Villager (Male) |
| 15:54 | Create | Villager (Male) |
| 15:54 | Create | Villager (Male) |
| 15:54 | Create | Villager (Male) |
| 15:54 | Create | Villager (Male) |
| 16:26 | Build | Mining Camp |
| 16:32 | Create | Trade Cart |
| 16:33 | Create | Trade Cart |
| 16:34 | Create | Trade Cart |
| 16:35 | Create | Trade Cart |
| 16:35 | Create | Trade Cart |
| 16:57 | Build | Farm |
| 17:21 | Build | Blacksmith |
| 17:28 | Build | Lumber Camp |
| 17:39 | Build | Farm |
| 18:05 | Build | Farm |
| 18:35 | Build | Farm |
| 19:24 | Build | Farm |
| 19:44 | Build | Farm |
| 19:53 | Research | Castle Age |
| 20:11 | Build | Stable |
| 20:40 | Create | Trade Cart |
| 20:40 | Create | Trade Cart |
| 20:40 | Create | Trade Cart |
| 20:41 | Create | Trade Cart |
| 21:03 | Research | Town Watch |
| 21:05 | Research | Loom |
| 21:24 | Research | Scale Barding Armor |
| 21:29 | Research | Scale Mail Armor |
| 21:30 | Research | Padded Archer Armor |
| 22:24 | Create | Villager (Male) |
| 22:24 | Create | Villager (Male) |
| 22:25 | Create | Villager (Male) |
| 22:25 | Create | Villager (Male) |
| 22:25 | Create | Villager (Male) |
| 22:25 | Create | Villager (Male) |
| 22:42 | Age | Castle Age |
| 22:57 | Create | Villager (Male) |
| 22:57 | Create | Villager (Male) |
| 22:59 | Create | Villager (Male) |
| 22:59 | Create | Villager (Male) |
| 23:57 | Build | Town Center |
| 24:06 | Build | Farm |
| 24:27 | Research | Coinage |
| 24:27 | Research | Caravan |
| 24:35 | Build | Farm |
| 24:44 | Create | Villager (Male) |
| 24:44 | Create | Villager (Male) |
| 24:44 | Create | Villager (Male) |
| 24:52 | Build | Farm |
| 25:16 | Research | Bow Saw |
| 25:23 | Build | Farm |
| 25:46 | Build | Farm |
| 26:15 | Build | Outpost |
| 26:21 | Research | Gold Shaft Mining |
| 26:29 | Research | Heavy Plow |
| 26:46 | Build | Farm |
| 27:08 | Build | Farm |
| 27:22 | Build | Outpost |
| 28:07 | Build | Monastery |
| 28:20 | Build | University |
| 28:52 | Build | Farm |
| 29:13 | Build | Lumber Camp |
| 29:33 | Research | Imperial Age |
| 29:34 | Research | Hand Cart |
| 29:43 | Build | Farm |
| 29:52 | Build | Farm |
| 30:14 | Research | Husbandry |
| 30:14 | Research | Bloodlines |
| 30:18 | Research | Man-at-Arms (upgrade) |
| 30:22 | Research | Elite Skirmisher (upgrade) |
| 30:42 | Research | Ballistics |
| 30:45 | Research | Guard Tower (upgrade) |
| 30:47 | Research | Treadmill Crane |
| 30:48 | Research | Masonry |
| 31:14 | Research | Murder Holes |
| 31:25 | Create | Villager (Male) |
| 31:25 | Create | Villager (Male) |
| 31:25 | Create | Villager (Male) |
| 31:46 | Build | Castle |
| 32:13 | Research | Town Patrol |
| 32:30 | Research | Leather Archer Armor |
| 32:32 | Research | Fletching |
Build order — pinti91
First 150 of 707 actions detected
| 0:20 | Create | Villager (Male) |
| 2:12 | Build | House |
| 2:14 | Build | House |
| 2:15 | Build | House |
| 2:17 | Build | House |
| 2:18 | Build | House |
| 2:20 | Build | House |
| 2:23 | Build | House |
| 2:24 | Build | House |
| 2:49 | Build | Mill |
| 2:59 | Build | Lumber Camp |
| 3:09 | Create | Villager (Male) |
| 3:09 | Create | Villager (Male) |
| 3:09 | Create | Villager (Male) |
| 3:09 | Create | Villager (Male) |
| 3:10 | Create | Villager (Male) |
| 3:10 | Create | Villager (Male) |
| 3:10 | Create | Villager (Male) |
| 3:10 | Create | Villager (Male) |
| 3:11 | Create | Villager (Male) |
| 3:11 | Create | Villager (Male) |
| 3:11 | Create | Villager (Male) |
| 3:11 | Create | Villager (Male) |
| 3:11 | Create | Villager (Male) |
| 3:12 | Create | Villager (Male) |
| 3:27 | Create | Villager (Male) |
| 3:40 | Create | Villager (Male) |
| 4:02 | Build | Mining Camp |
| 4:19 | Build | Palisade Wall |
| 4:50 | Create | Villager (Male) |
| 4:50 | Create | Villager (Male) |
| 4:51 | Create | Villager (Male) |
| 5:34 | Research | Feudal Age |
| 5:45 | Create | Villager (Male) ×5 |
| 5:45 | Create | Villager (Male) ×5 |
| 5:45 | Create | Villager (Male) |
| 6:21 | Build | Mill |
| 6:40 | Build | Palisade Gate |
| 6:45 | Build | Palisade Wall |
| 8:12 | Create | Villager (Male) |
| 8:39 | Age | Feudal Age |
| 8:42 | Create | Villager (Male) |
| 8:43 | Create | Villager (Male) |
| 8:44 | Create | Villager (Male) |
| 8:56 | Build | Blacksmith |
| 9:00 | Build | Barracks |
| 9:14 | Create | Villager (Male) |
| 9:15 | Create | Villager (Male) |
| 9:16 | Create | Villager (Male) |
| 9:16 | Create | Villager (Male) |
| 9:16 | Create | Villager (Male) |
| 9:17 | Create | Villager (Male) |
| 9:41 | Research | Wheelbarrow |
| 9:50 | Research | Double-Bit Axe |
| 10:34 | Research | Horse Collar |
| 11:11 | Build | Archery Range |
| 11:13 | Create | Villager (Male) |
| 11:15 | Create | Villager (Male) |
| 11:16 | Create | Villager (Male) |
| 11:16 | Create | Villager (Male) |
| 11:16 | Create | Villager (Male) |
| 11:18 | Create | Villager (Male) |
| 11:18 | Create | Villager (Male) |
| 11:34 | Create | Villager (Male) |
| 11:35 | Create | Villager (Male) |
| 11:50 | Build | Farm |
| 12:09 | Build | Farm |
| 12:20 | Build | Stable |
| 12:23 | Research | Scale Mail Armor |
| 12:46 | Build | Farm |
| 13:00 | Build | Market |
| 13:31 | Create | Villager (Male) |
| 13:31 | Create | Villager (Male) |
| 13:43 | Build | Farm |
| 13:55 | Build | Farm |
| 14:05 | Build | Farm |
| 14:15 | Build | Farm |
| 14:24 | Build | Farm |
| 14:36 | Build | Farm |
| 14:38 | Create | Villager (Male) |
| 14:41 | Create | Villager (Male) |
| 14:41 | Create | Villager (Male) |
| 15:25 | Build | Market |
| 15:38 | Create | Villager (Male) |
| 15:39 | Create | Villager (Male) |
| 15:39 | Create | Villager (Male) |
| 15:46 | Build | Farm |
| 15:48 | Create | Villager (Male) |
| 15:59 | Build | Farm |
| 16:07 | Build | Farm |
| 16:13 | Create | Villager (Male) |
| 16:21 | Build | Farm |
| 16:25 | Build | Farm |
| 16:41 | Create | Villager (Male) |
| 16:41 | Create | Villager (Male) |
| 16:41 | Create | Villager (Male) |
| 16:47 | Build | Farm |
| 17:06 | Build | Archery Range |
| 17:08 | Build | Archery Range |
| 17:20 | Create | Villager (Male) |
| 17:33 | Research | Castle Age |
| 17:33 | Create | Villager (Male) |
| 17:34 | Create | Villager (Male) |
| 17:46 | Build | Lumber Camp |
| 17:58 | Create | Trade Cart |
| 17:58 | Create | Trade Cart |
| 18:35 | Create | Villager (Male) |
| 18:35 | Create | Villager (Male) |
| 18:36 | Create | Villager (Male) |
| 18:36 | Create | Villager (Male) |
| 19:15 | Build | House |
| 19:16 | Build | House |
| 19:17 | Build | House |
| 19:18 | Build | House |
| 19:19 | Build | House |
| 19:20 | Build | House |
| 19:21 | Build | House |
| 19:21 | Build | House |
| 19:23 | Build | House |
| 19:26 | Build | House |
| 19:27 | Build | House |
| 19:28 | Build | House |
| 19:29 | Build | House |
| 19:29 | Build | House |
| 19:30 | Build | House |
| 19:33 | Build | House |
| 19:39 | Research | Gold Mining |
| 19:39 | Research | Stone Mining |
| 19:55 | Build | Mining Camp |
| 20:04 | Build | Mining Camp |
| 20:41 | Build | Lumber Camp |
| 20:44 | Create | Archer |
| 20:44 | Create | Skirmisher |
| 21:19 | Age | Castle Age |
| 21:31 | Build | Town Center |
| 21:55 | Create | Villager (Male) |
| 21:55 | Create | Villager (Male) |
| 21:56 | Create | Villager (Male) |
| 21:56 | Create | Villager (Male) |
| 21:57 | Create | Villager (Male) |
| 21:57 | Create | Villager (Male) |
| 21:57 | Create | Villager (Male) |
| 21:58 | Create | Villager (Male) |
| 22:09 | Research | Arson |
| 22:37 | Build | Town Center |
| 22:43 | Create | Villager (Male) |
| 22:43 | Create | Villager (Male) |
| 22:43 | Create | Villager (Male) |
| 22:43 | Create | Villager (Male) |
| 22:43 | Create | Villager (Male) |
Build order — ageofkiev
54 actions detected in the replay
| 0:11 | Build | House |
| 0:13 | Build | House |
| 0:16 | Build | House |
| 0:24 | Build | Mining Camp |
| 0:29 | Create | Villager (Male) ×5 |
| 0:29 | Create | Villager (Male) ×5 |
| 0:29 | Create | Villager (Male) ×5 |
| 0:39 | Build | Mill |
| 1:44 | Build | Palisade Wall |
| 1:53 | Build | Palisade Wall |
| 2:50 | Build | Lumber Camp |
| 3:51 | Create | Villager (Male) |
| 3:51 | Create | Villager (Male) |
| 4:17 | Build | Palisade Gate |
| 4:29 | Build | House |
| 4:30 | Build | House |
| 4:32 | Build | House |
| 4:50 | Create | Villager (Male) |
| 4:50 | Create | Villager (Male) |
| 5:57 | Research | Feudal Age |
| 8:08 | Age | Feudal Age |
| 8:12 | Create | Villager (Male) |
| 8:13 | Create | Villager (Male) |
| 8:13 | Create | Villager (Male) |
| 8:13 | Create | Villager (Male) |
| 8:13 | Create | Villager (Male) |
| 8:13 | Create | Villager (Male) ×5 |
| 8:13 | Create | Villager (Male) ×5 |
| 8:25 | Build | Market |
| 9:09 | Build | Blacksmith |
| 9:15 | Build | House |
| 9:17 | Build | House |
| 10:07 | Build | Farm |
| 10:09 | Build | Farm |
| 10:12 | Build | Farm |
| 10:25 | Build | Farm |
| 11:08 | Build | Stone Wall |
| 11:16 | Build | Gate |
| 11:40 | Build | Farm |
| 11:42 | Build | Farm |
| 11:43 | Build | Farm |
| 11:45 | Build | Farm |
| 11:46 | Build | Farm |
| 11:50 | Build | Farm |
| 12:01 | Build | Farm |
| 12:08 | Build | Farm |
| 12:18 | Research | Castle Age |
| 14:05 | Build | Mining Camp |
| 14:16 | Research | Double-Bit Axe |
| 14:19 | Research | Horse Collar |
| 14:30 | Create | Villager (Male) ×5 |
| 14:31 | Create | Villager (Male) ×5 |
| 14:43 | Build | Barracks |
| 15:02 | Age | Castle Age |
Match timeline
| 0:58 | WilperLP · first_building Barracks |
| 1:44 | ageofkiev · wall_segment Palisade Wall x17 |
| 1:53 | ageofkiev · wall_segment Palisade Wall x9 |
| 2:58 | Lund xbox · wall_segment Palisade Wall x13 |
| 3:14 | Lund xbox · wall_segment Palisade Wall x5 |
| 3:59 | JS661796 · wall_segment Palisade Wall x19 |
| 4:19 | pinti91 · wall_segment Palisade Wall x21 |
| 5:11 | Lund xbox · wall_segment Palisade Wall x23 |
| 5:45 | WilperLP · age_up feudal |
| 6:03 | Uygar2 · age_up feudal |
| 6:19 | WilperLP · wall_segment Palisade Wall x14 |
| 6:45 | pinti91 · wall_segment Palisade Wall x14 |
| 6:49 | idle_villager · age_up feudal |
| 7:06 | WilperLP · first_building Archery Range |
| 7:31 | Lund xbox · wall_segment Palisade Wall x18 |
| 8:08 | ageofkiev · age_up feudal |
| 8:39 | pinti91 · age_up feudal |
| 9:00 | pinti91 · first_building Barracks |
| 9:04 | JS661796 · first_building Barracks |
| 10:11 | Quetalmae · age_up feudal |
| 10:38 | JS661796 · age_up feudal |
| 10:56 | Lund xbox · wall_segment Palisade Wall x31 |
| 11:03 | idle_villager · first_market_sell 100 food |
| 11:06 | idle_villager · first_market_buy 100 stone |
| 11:08 | ageofkiev · wall_segment Stone Wall x16 |
| 11:11 | pinti91 · first_building Archery Range |
| 11:37 | idle_villager · age_up castle |
| 11:41 | JS661796 · wall_segment Stone Wall x8 |
| 11:44 | JS661796 · wall_segment Stone Wall x7 |
| 11:48 | JS661796 · wall_segment Stone Wall x17 |
| 11:57 | Quetalmae · wall_segment Stone Wall x21 |
| 12:16 | Quetalmae · wall_segment Stone Wall x21 |
| 12:20 | pinti91 · first_building Stable |
| 12:46 | Lund xbox · first_building Barracks |
| 14:03 | Uygar2 · age_up castle |
| 14:35 | Lund xbox · wall_segment Palisade Wall x20 |
| 14:43 | ageofkiev · first_building Barracks |
| 15:02 | ageofkiev · age_up castle |
| 15:50 | ageofkiev · resign |
| 15:59 | Lund xbox · first_building Archery Range |
| 16:39 | Uygar2 · wall_segment Stone Wall x21 |
| 17:57 | Quetalmae · first_building Barracks |
| 18:32 | JS661796 · wall_segment Stone Wall x7 |
| 18:35 | JS661796 · wall_segment Stone Wall x6 |
| 18:36 | JS661796 · wall_segment Stone Wall x3 |
| 18:48 | JS661796 · wall_segment Stone Wall x8 |
| 19:00 | Quetalmae · first_building Archery Range |
| 19:14 | Quetalmae · first_building Stable |
| 20:11 | WilperLP · first_building Stable |
| 20:49 | JS661796 · age_up castle |
| 21:19 | pinti91 · age_up castle |
| 21:25 | JS661796 · first_building Monastery |
| 21:47 | idle_villager · first_building Monastery |
| 22:29 | Quetalmae · wall_segment Stone Wall x4 |
| 22:37 | Quetalmae · wall_segment Stone Wall x21 |
| 22:42 | WilperLP · age_up castle |
| 23:21 | Quetalmae · age_up castle |
| 23:48 | Quetalmae · first_building Monastery |
| 24:03 | Lund xbox · wall_segment Stone Wall x4 |
| 25:06 | pinti91 · first_building Monastery |
| 26:28 | JS661796 · first_building Siege Workshop |
| 27:29 | Uygar2 · first_building Siege Workshop |
| 27:36 | idle_villager · first_building Siege Workshop |
| 27:48 | Lund xbox · wall_segment Stone Wall x5 |
| 28:07 | WilperLP · first_building Monastery |
| 28:30 | idle_villager · age_up imperial |
| 28:42 | JS661796 · age_up imperial |
| 29:10 | idle_villager · first_building Castle |
| 30:00 | Uygar2 · first_building Barracks |
| 30:08 | JS661796 · first_building Krepost |
| 30:37 | idle_villager · first_building Barracks |
| 31:11 | idle_villager · first_building Stable |
| 31:46 | WilperLP · first_building Castle |
| 32:43 | WilperLP · age_up imperial |
| 33:10 | Uygar2 · first_building Castle |
| 33:32 | Uygar2 · first_building Stable |
| 33:36 | JS661796 · wall_segment Stone Wall x29 |
| 33:45 | idle_villager · first_building Archery Range |
| 34:08 | pinti91 · first_building Siege Workshop |
| 34:56 | Quetalmae · age_up imperial |
| 35:38 | Uygar2 · age_up imperial |
| 36:40 | Quetalmae · first_building Siege Workshop |
| 37:38 | WilperLP · first_building Siege Workshop |
| 37:48 | pinti91 · first_building Castle |
| 38:05 | JS661796 · first_building Stable |
| 38:13 | JS661796 · wall_segment Stone Wall x3 |
| 38:28 | pinti91 · age_up imperial |
| 40:17 | Quetalmae · first_building Castle |
| 42:10 | pinti91 · wall_segment Stone Wall x21 |
| 43:15 | Quetalmae · wall_segment Stone Wall x6 |
| 45:38 | JS661796 · first_building Castle |
| 52:26 | idle_villager · wall_segment Stone Wall x1 |
| 53:12 | Quetalmae · wall_segment Stone Wall x21 |
| 58:34 | WilperLP · first_market_buy 100 stone |
| 63:13 | idle_villager · wall_segment Stone Wall x1 |
| 63:14 | idle_villager · wall_segment Stone Wall x1 |
| 63:17 | idle_villager · wall_segment Stone Wall x1 |
| 63:19 | idle_villager · wall_segment Stone Wall x1 |
| 64:38 | idle_villager · wall_segment Stone Wall x4 |
| 65:05 | idle_villager · wall_segment Stone Wall x2 |
| 65:12 | pinti91 · first_market_sell 500 wood |
| 65:16 | idle_villager · wall_segment Stone Wall x2 |
| 65:28 | pinti91 · first_market_buy 100 food |
| 68:38 | JS661796 · wall_segment Stone Wall x11 |
| 79:40 | idle_villager · wall_segment Stone Wall x1 |
| 79:53 | idle_villager · wall_segment Stone Wall x3 |
| 80:01 | idle_villager · wall_segment Stone Wall x9 |
| 81:02 | idle_villager · wall_segment Stone Wall x8 |
| 82:30 | JS661796 · wall_segment Stone Wall x8 |
| 82:39 | JS661796 · wall_segment Stone Wall x3 |
| 82:49 | JS661796 · wall_segment Stone Wall x11 |
| 83:25 | idle_villager · wall_segment Stone Wall x4 |
| 85:46 | idle_villager · wall_segment Stone Wall x17 |
| 87:24 | Quetalmae · wall_segment Stone Wall x11 |
| 89:26 | JS661796 · first_market_sell 500 wood |
| 91:40 | Quetalmae · first_market_buy 100 food |
| 92:51 | idle_villager · wall_segment Stone Wall x3 |
| 92:56 | idle_villager · wall_segment Stone Wall x3 |
| 95:39 | JS661796 · wall_segment Stone Wall x17 |
| 95:54 | JS661796 · first_market_buy 500 stone |
| 97:35 | idle_villager · wall_segment Stone Wall x23 |
| 98:11 | JS661796 · wall_segment Stone Wall x11 |
| 98:20 | JS661796 · wall_segment Stone Wall x13 |
| 98:53 | Quetalmae · first_market_sell 100 stone |
| 102:27 | JS661796 · wall_segment Stone Wall x10 |
| 103:39 | JS661796 · wall_segment Stone Wall x11 |
| 105:23 | JS661796 · wall_segment Stone Wall x6 |
| 105:46 | JS661796 · wall_segment Stone Wall x4 |
| 106:01 | JS661796 · first_building Archery Range |
| 110:29 | JS661796 · wall_segment Stone Wall x7 |
| 110:55 | idle_villager · wall_segment Palisade Wall x1 |
| 110:58 | idle_villager · wall_segment Palisade Wall x1 |
[ AI ANALYSIS · 1 CREDIT ]
What really happened in this match?
Wolo.gg analyzes every decision: build order, eco, micro, common mistakes by bracket. Personalized analysis on WhatsApp or Discord in 30 seconds.
Civ guide
Vietnamese
Perfil
Jugador #23846828